 Dungeon Crawl Stone Soup version 0.28-a0-1182-g381e24db82 (webtiles) character file.

Game seed: 15746381371299845796

39102 ReploidZero the Eclecticist (level 14, -1/80 HPs)
             Began as a Djinni Conjurer on Dec 16, 2021.
             Was a High Priest of Nemelex Xobeh.
             Killed from afar by an electric eel (4 damage)
             ... with a bolt of electricity
             ... on level 6 of the Lair of Beasts.
             The game lasted 01:10:53 (17944 turns).

ReploidZero the Eclecticist (Djinni Conjurer)      Turns: 17944, Time: 01:10:57

Health: -1/80      AC: 11    Str:  6    XL:     14   Next: 37%
Gold:   1947       EV: 11    Int: 31    God:    Nemelex Xobeh [*****.] SH:  0 Dex: 10

rFire   + + .      SeeInvis +   c - +3 flail (protect)
rCold   x . .      Faith    .   (no shield)
rNeg    . . .      Spirit   .   x - +0 troll leather armour
rPois   ∞          Reflect  .   E - +2 hat {SInv}
rElec   .          Harm     .   D - +0 cloak
rCorr   .          Rampage  .   l - +2 pair of gloves {infuse}
Will    +....                   (boots unavailable)
Stlth   +.........              (no amulet)
HPRegen 1.03/turn               g - ring of wizardry
MPRegen 0.00/turn               i - +6 ring of intelligence

@: flying
A: sickness immunity, fire resistance 2, cold vulnerability 1, float, innate
caster, hp casting, extra vitality 1, clumsy 1, shaggy fur 1
a: Renounce Religion, Draw Escape, Draw Destruction, Draw Summoning, Triple
Draw, Deal Four, Stack Five


You were on level 6 of the Lair of Beasts.
You worshipped Nemelex Xobeh.
Nemelex Xobeh was extremely pleased with you.
You visited 3 branches of the dungeon, and saw 17 of its levels.
You also visited: Bailey.

You collected 2322 gold pieces.
You spent 375 gold pieces at shops.

Inventory:

Hand Weapons
 c - a +3 flail of protection (weapon)
Missiles
 F - 5 throwing nets
Armour
 e - the +1 robe of the Bouncing Teeth {Harm rC+ Int+2}
   (You found it on level 5 of the Dungeon)

   Int:       It affects your intelligence (+2).
   rC:        It protects you from cold.
   Harm:      It increases damage dealt and taken.
 l - a +2 pair of gloves of infusion (worn)
 x - a +0 troll leather armour (worn)
 D - a +0 cloak (worn)
 E - a +2 hat of see invisible (worn)
Jewellery
 g - a ring of wizardry (left hand)
 i - a +6 ring of intelligence (right hand)
 t - a ring of wizardry
 w - a ring of protection from cold
 K - a ring of protection from fire
 O - a ring of ice
 P - a ring of see invisible
Wands
 b - a wand of acid (17)
 s - a wand of iceblast (12)
 y - a wand of mindburst (8)
 H - a wand of paralysis (2)
 J - a wand of charming (3)
Scrolls
 d - 2 scrolls of magic mapping
 f - 2 scrolls of silence
 j - 3 scrolls of fog
 m - 6 scrolls of vulnerability
 p - 7 scrolls of teleportation
 q - 2 scrolls of fear
 r - 3 scrolls of enchant weapon
 v - 11 scrolls of identify
 G - 2 scrolls of enchant armour
 L - a scroll of blinking
 N - a scroll of noise {unknown}
Potions
 a - 2 potions of attraction {unknown}
 k - 4 potions of curing
 n - a potion of lignification
 o - 2 potions of flight
 z - 2 potions of magic {unknown}
 A - a potion of haste
 B - 3 potions of might
 C - a potion of invisibility
 I - 2 potions of cancellation {unknown}
 M - 2 potions of mutation
 Q - a potion of ambrosia {unknown}
Miscellaneous
 u - a box of beasts


   Skills:
 - Level 2.1 Dodging
 - Level 1.5 Stealth
 * Level 16.3 Spellcasting
 + Level 11.7 Invocations


You had 13 spell levels left.
You knew the following spells:

 Your Spells              Type           Power      Damage    Failure   Level
a - Magic Dart            Conj           100%       1d8       0%          1
b - Searing Ray           Conj           100%       2d8       0%          2
c - Dazzling Flash        Conj/Hex       100%       N/A       0%          3
d - Fulminant Prism       Conj/Hex       45%        3d21      1%          4
e - Iskenderun's Mystic   Conj/Tloc      90%        2d18      1%          4
f - Sting                 Tmut/Pois      100%       1d8       0%          1
g - Corpse Rot            Necr/Air       100%       N/A       0%          2
h - Ozocubu's Armour      Ice            90%        N/A       0%          3
i - Call Canine Familiar  Summ           90%        N/A       0%          3
j - Summon Lightning Spi  Summ/Air       90%        N/A       1%          4
k - Lee's Rapid Deconstr  Erth           45%        3d23*     1%          5
Your spell library was empty.

Dungeon Overview and Level Annotations

Branches:
Dungeon (10/15)            Temple (1/1) D:4            Lair (6/6) D:10
  Swamp (0/4) Lair:4       Spider (0/4) Lair:2        Slime (0/5) Lair:5
    Orc (0/2) D:9          Bailey (visited)

Altars:
Ashenzari
Cheibriados
Dithmenos
Elyvilon
Fedhas
Gozag
Hepliaklqana
Kikubaaqudgha
Makhleb
Nemelex Xobeh
Okawaru
Qazlal
Ru
Sif Muna
Trog
Uskayaw
Vehumet
Wu Jian
Xom
Yredelemnul
Zin
The Shining One

Shops:
D:7 !   D:9 [

Annotations:
D:5 Pikel, Prince Ribbit


Innate Abilities, Weirdness & Mutations

You are immune to sickness and miasma.
You are immune to poison.
Your flesh is very heat resistant. (rF++)
You are vulnerable to cold. (rC-)
You float through the air rather than walking.
You learn spells naturally, not from books.
Your magical power is your life essence.
You have superior vitality. (+4 HP)
You are clumsy. (Dex -2)
You are covered in fur. (AC +1)


Message History

The komodo dragon is moderately wounded.
The komodo dragon is knocked back by the mystic blast.
The mystic blast hits your lightning spire!
Your lightning spire is moderately damaged.
The mystic blast hits the plant!!
The plant is lightly damaged.
The mystic blast hits the four-headed hydra!
You kill the four-headed hydra!
Your lightning spire disappears in a puff of smoke!
A nearby plant withers and dies.
A nearby plant withers and dies.
The electric eel shoots out a bolt of lightning at you!
The bolt of electricity hits you!
* * * LOW HITPOINT WARNING * * *
The bolt of electricity hits the plant!
The plant begins to die.
The electric eel shoots out a bolt of lightning at you!
The bolt of electricity hits you!
* * * LOW HITPOINT WARNING * * *
Okay, then.
Casting: Iskenderun's Mystic Blast (safe; 1% risk of failure)
Confirm with . or Enter, or press ? or * to list all spells.
You erupt in a blast of force!
The mystic blast hits the plant!!
The plant begins to die.
The plant is lightly damaged.
The mystic blast hits the bush!!
The bush is lightly damaged.
The mystic blast hits the komodo dragon!!
The komodo dragon is heavily wounded.
The komodo dragon is knocked back by the mystic blast.
* * * LOW HITPOINT WARNING * * *
Unknown command.
A nearby plant withers and dies.
You deal a card...
You have dealt the Illusion.
Suddenly you stand beside yourself.
You deal a card...
You have dealt the Swarm.
You deal a card...
You have dealt the Dance.
You deal a card...
You have dealt the Elements.
The electric eel shoots out a bolt of lightning at you!
The bolt of electricity hits you.
You die...
Your body glows with a rainbow of weird colours and disappears.

.........P......#.♣.##...#.♣.♣
...##.#.##P....#.....#.......÷
... #######....#♣.<..'..†...<.
#....♣.....#..#.....
##...##.♣..#.....♣÷♣
#.....##.###........
##@.y..#.# ##......†
###...(.### #..##...
###≈Py@.♣≈P≈♣ #.#..#.##
#≈#≈h≈.♣≈≈≈≈≈♣♣.#.....
##≈≈Yv.≈P≈≈P≈≈♣..#.....
##♣≈≈≈l≈≈≈≈≈≈≈≈≈..#.#.#
♣≈♣≈≈≈.≈≈≈≈≈≈≈≈.......#
♣≈≈≈≈.≈≈≈≈≈≈≈ .. .. ##
♣♣≈≈†≈.S≈≈≈≈≈≈♣. ...
♣≈≈≈≈≈.≈≈≈♣♣♣♣ ♣≈≈≈≈≈.≈P≈♣


You could see a komodo dragon (ally target), an electric eel, a friendly raiju
(summoned), a friendly fire vortex (summoned), a friendly ice beast (summoned),
2 friendly killer bees, a friendly -1 long sword (summoned, wandering) and the
friendly ReploidZero's illusion (summoned).

Vanquished Creatures
  Harold (Lair:1)
  5 hydras
  A catoblepas (Lair:6)
  Erica (D:8)
  11 death yaks
  2 two-headed ogres (D:10)
  An oklob plant (Lair:1)
  A cyclops (D:8)
  A black mamba (Lair:5)
  4 cane toads
  Psyche (D:10)
  Maggie (D:9)
  2 komodo dragons
  2 trolls
  Grinder (D:3)
  12 blink frogs
  4 slime creatures (D:10)
  A shadow (D:10)
  Sigmund (D:2)
  5 wyverns
  A spriggan (D:10)
  3 basilisks
  15 yaks
  A wraith (D:10)
  2 steam dragons
  6 vampire mosquitoes (Lair:4)
  12 water moccasins
  A warg (Lair:6)
  A hell hound (Lair:6)
  Duvessa (D:5)
  4 orc warriors
  4 black bears
  2 ice beasts
  33 wolves
  A centaur (D:8)
  A necrophage (D:7)
  A kobold brigand (D:7)
  2 phantoms (D:9)
  14 bullfrogs
  A wyvern zombie (D:7)
  2 scorpions
  2 gnoll sergeants
  A water moccasin skeleton (D:5)
  2 troll zombies (D:9)
  Dowan (D:5)
  3 wights (D:7)
  2 electric eels
  A howler monkey (D:5)
  A bullfrog zombie (D:5)
  A centaur zombie (D:8)
  5 jellies
  6 orc priests
  3 hounds
  A bullfrog skeleton (D:4)
  2 gnoll shamans
  2 iguanas
  Ijyb (D:4)
  A scorpion zombie (D:5)
  11 orc wizards
  A killer bee zombie (D:7)
  3 ogre zombies (D:9)
  2 hound skeletons (D:5)
  A mummy (D:4)
  9 adders
  17 gnolls
  3 white imps
  3 ufetubi
  An adder skeleton (D:4)
  3 worms
  A dart slug (D:1)
  26 orcs
  8 endoplasms
  2 giant cockroaches
  9 hobgoblins
  12 jackals
  21 kobolds
  10 quokkas
  7 ball pythons
  4 bats
  2 frilled lizards
  10 goblins
  3 goblin skeletons (D:9)
  2 goblin zombies (D:9)
  2 hobgoblin zombies (D:9)
  An orc skeleton (D:9)
  14 orc zombies
  3 rats
392 creatures vanquished.

Vanquished Creatures (collateral kills)
  Gastronok (D:8)
  Urug (D:10)
  An orc knight (Bailey)
  An oklob plant (Lair:1)
  Maurice (D:8)
  A cane toad (Lair:4)
  A komodo dragon (Lair:1)
  A hornet (D:9)
  13 yaks
  A shadow (D:10)
  A wyvern (D:7)
  A wraith (D:9)
  A water moccasin (Lair:1)
  A floating eye (Lair:1)
  3 orc warriors (Bailey)
  3 wolves (Lair:1)
  2 bullfrogs
  A howler monkey (D:7)
  An orc wizard (D:9)
  A white imp (D:7)
  4 orcs
  A kobold (D:7)
42 creatures vanquished.

Vanquished Creatures (others)
  A bush (Lair:5)
  46 fulminant prisms
  78 fungi
  100 plants
225 creatures vanquished.

Grand Total: 659 creatures vanquished

Notes
Turn   | Place    | Note
-------+----------+-------------------------------------------
     0 | D:1      | ReploidZero the Djinni Conjurer began the quest for the
                  | Orb.
     0 | D:1      | Reached XP level 1. HP: 15/15 MP: 0/0
   248 | D:1      | Reached XP level 2. HP: 14/21 MP: 0/0
   765 | D:1      | Reached XP level 3. HP: 23/25 MP: 0/0
   765 | D:1      | Learned a level 1 spell: Sting
   958 | D:1      | Reached skill level 4 in Spellcasting
  1030 | D:1      | Found a faded altar of an unknown god.
  1561 | D:2      | Found a burning altar of Makhleb.
  1798 | D:2      | Reached XP level 4. HP: 18/31 MP: 0/0
  2325 | D:2      | Noticed Sigmund
  2331 | D:2      | Killed Sigmund
  2332 | D:2      | Reached skill level 5 in Spellcasting
  2332 | D:2      | Reached XP level 5. HP: 27/35 MP: 0/0
  2332 | D:2      | Learned a level 2 spell: Corpse Rot
  2332 | D:2      | Reached XP level 6. HP: 31/40 MP: 0/0
  3149 | D:3      | Noticed Grinder
  3157 | D:3      | Killed Grinder
  3158 | D:3      | Reached skill level 6 in Spellcasting
  3158 | D:3      | Reached XP level 7. HP: 28/45 MP: 0/0
  3158 | D:3      | Learned a level 3 spell: Ozocubu's Armour
  4352 | D:4      | Noticed Ijyb
  4356 | D:4      | Killed Ijyb
  4723 | D:4      | Found a bloodstained altar of Trog.
  4793 | D:4      | Reached skill level 7 in Spellcasting
  4981 | D:4      | Reached XP level 8. HP: 42/50 MP: 0/0
  5111 | D:4      | Found a staircase to the Ecumenical Temple.
  5234 | Temple   | Entered the Ecumenical Temple
  5438 | Temple   | Became a worshipper of Nemelex Xobeh the Trickster
  5522 | D:5      | Entered Level 5 of the Dungeon
  6184 | D:5      | Noticed Duvessa
  6184 | D:5      | Noticed Dowan
  6188 | D:5      | Killed Dowan
  6189 | D:5      | Reached skill level 8 in Spellcasting
  6194 | D:5      | Killed Duvessa
  6195 | D:5      | Reached skill level 1 in Invocations
  6510 | D:5      | Noticed Prince Ribbit
  6511 | D:5      | Noticed Pikel
  6558 | D:5      | Identified the +1 robe of the Bouncing Teeth {Harm rC+
                  | Int+2}
  6562 | D:5      | Reached XP level 9. HP: 32/55 MP: 0/0
  6562 | D:5      | Learned a level 3 spell: Call Canine Familiar
  7121 | D:5      | Identified a scroll of acquirement
  7121 | D:5      | Acquired 1159 gold pieces
  7377 | D:6      | Reached * piety under Nemelex Xobeh
  7628 | D:6      | Reached skill level 9 in Spellcasting
  7690 | D:6      | Received a gift from Nemelex Xobeh
  7729 | D:6      | Found a burning altar of Makhleb.
  8223 | D:7      | Noticed a troll
  8230 | D:7      | Killed a troll
  8249 | D:7      | Reached skill level 5 in Invocations
  8249 | D:7      | Reached XP level 10. HP: 6/60 MP: 0/0
  8511 | D:7      | Reached skill level 10 in Spellcasting
  8562 | D:7      | Found Quomor Erops's Distillery.
  8579 | D:7      | Bought a potion of curing for 45 gold pieces
  8579 | D:7      | Bought a potion of haste for 150 gold pieces
  8579 | D:7      | Bought a potion of might for 60 gold pieces
  8579 | D:7      | Bought a potion of invisibility for 120 gold pieces
  8660 | D:7      | Gained mutation: You are clumsy. (Dex -2) [potion of
                  | mutation]
  8660 | D:7      | Gained mutation: You are covered in fur. (AC +1) [potion of
                  | mutation]
  8861 | D:8      | Reached ** piety under Nemelex Xobeh
  8867 | D:8      | Noticed a cyclops
  9068 | D:8      | Noticed Maurice
  9082 | D:8      | Killed Maurice
  9202 | D:8      | Noticed Gastronok
  9297 | D:8      | Noticed Erica
  9316 | D:8      | Killed Erica
  9317 | D:8      | Reached skill level 11 in Spellcasting
  9405 | D:8      | Identified the -1 hand axe of Recklessness {protect, SInv}
  9424 | D:8      | Killed a cyclops
  9443 | D:8      | Killed Gastronok
  9444 | D:8      | Reached skill level 12 in Spellcasting
  9444 | D:8      | Reached XP level 11. HP: 56/65 MP: 0/0
  9444 | D:8      | Learned a level 4 spell: Summon Lightning Spire
 10160 | D:9      | Found a flagged portal.
 10167 | Bailey   | Entered a bailey
 10277 | Bailey   | Noticed an orc knight
 10296 | Bailey   | Killed an orc knight
 10319 | Bailey   | Found a burning altar of Makhleb.
 10492 | D:9      | Found a hide-covered altar of Uskayaw.
 10599 | D:9      | Found Tikuab's Antique Armour Shop.
 10622 | D:9      | Reached *** piety under Nemelex Xobeh
 10622 | D:9      | Found a staircase to the Orcish Mines.
 10775 | D:9      | Noticed Maggie
 10785 | D:9      | Killed Maggie
 10786 | D:9      | Reached skill level 13 in Spellcasting
 11128 | D:9      | Received a gift from Nemelex Xobeh
 11260 | D:10     | Entered Level 10 of the Dungeon
 11260 | D:10     | Noticed a two-headed ogre
 11267 | D:10     | Killed a two-headed ogre
 11420 | D:10     | Noticed Psyche
 11422 | D:10     | Killed Psyche
 11423 | D:10     | Reached XP level 12. HP: 64/70 MP: 0/0
 11506 | D:10     | Noticed a two-headed ogre
 11519 | D:10     | Killed a two-headed ogre
 11705 | D:10     | Identified the +1 leather armour of Zaruloow {Str+4}
 11711 | D:10     | Noticed Urug
 11724 | D:10     | Killed Urug
 11761 | D:10     | Found a staircase to the Lair.
 11962 | D:10     | Received a gift from Nemelex Xobeh
 12331 | D:10     | Reached **** piety under Nemelex Xobeh
 12499 | D:10     | Found a hazy altar of Hepliaklqana.
 12505 | D:10     | Found a glowing golden altar of the Shining One.
 12654 | Lair:1   | Entered Level 1 of the Lair of Beasts
 12704 | Lair:1   | Reached skill level 14 in Spellcasting
 12738 | Lair:1   | Received a gift from Nemelex Xobeh
 12954 | Lair:1   | Noticed a seven-headed hydra
 12965 | Lair:1   | Killed a seven-headed hydra
 13045 | Lair:1   | Received a gift from Nemelex Xobeh
 13046 | Lair:1   | Noticed Harold
 13053 | Lair:1   | Killed Harold
 13278 | Lair:1   | Received a gift from Nemelex Xobeh
 13597 | Lair:2   | Noticed a death yak
 13599 | Lair:2   | Noticed a death yak
 13601 | Lair:2   | Noticed a death yak
 13602 | Lair:2   | Noticed a death yak
 13604 | Lair:2   | Killed a death yak
 13604 | Lair:2   | Noticed a death yak
 13605 | Lair:2   | Reached XP level 13. HP: 70/75 MP: 0/0
 13605 | Lair:2   | Learned a level 5 spell: Lee's Rapid Deconstruction
 13620 | Lair:2   | Noticed a six-headed hydra
 13632 | Lair:2   | Killed a six-headed hydra
 13755 | Lair:2   | Reached ***** piety under Nemelex Xobeh
 13915 | Lair:2   | Found a hole to the Spider Nest.
 13919 | Lair:2   | Received a gift from Nemelex Xobeh
 14506 | Lair:2   | Received a gift from Nemelex Xobeh
 14750 | Lair:3   | Reached skill level 10 in Invocations
 14828 | Lair:3   | Reached skill level 15 in Spellcasting
 14883 | Lair:3   | Received a gift from Nemelex Xobeh
 14915 | Lair:3   | Noticed a six-headed hydra
 14918 | Lair:3   | Killed a six-headed hydra
 14979 | Lair:3   | Found the +3 pair of gauntlets of War {Slay+5}
 15465 | Lair:4   | Found a staircase to the Swamp.
 15596 | Lair:4   | Received a gift from Nemelex Xobeh
 16106 | Lair:4   | Received a gift from Nemelex Xobeh
 16339 | Lair:5   | Noticed a five-headed hydra
 16343 | Lair:5   | Killed a five-headed hydra
 16435 | Lair:5   | Found a staircase to the Slime Pits.
 16825 | Lair:5   | Received a gift from Nemelex Xobeh
 17561 | Lair:6   | Entered Level 6 of the Lair of Beasts
 17563 | Lair:6   | Reached XP level 14. HP: 77/80 MP: 0/0
 17595 | Lair:6   | HP: 1/80 [death yak (14)]
 17599 | Lair:6   | Reached skill level 16 in Spellcasting
 17944 | Lair:6   | Killed from afar by an electric eel

Illustrated notes

Levels and vault maps discovered:
D:1:      dpeg_arrival_boxorama, layout_basic,
          hellmonk_ecumenical_altar_leap_of_faith
D:2:      layout_basic, basic_altar, st_stairs_1,
          hangedman_abyss_or_decor_stabs, minmay_pentomino_r4, uniq_sigmund
D:3:      layout_loops_ring, guppyfry_early_lair_pool, uniq_crazy_yiuf_cottage,
          uniq_grinder
D:4:      minmay_octagon_keep, layout_loops_cross, trog_book, temple_pool_b,
          minmay_mini_ossuary, uniq_ijyb
D:5:      layout_basic, st_stairs_6, uniq_duvessa, uniq_prince_ribbit1,
          uniq_pikel
D:6:      layout_gridville, mainiacjoe_overflow_six_doors_small
D:7:      layout_basic, serial_shops, nicolae_diamond_shop,
          corexii_mini_fake_secret_closet
D:8:      minmay_evil_eye, layout_gridville, uniq_maurice, uniq_erica,
          uniq_gastronok
D:9:      layout_long_grid, mainiacjoe_overflow_boulevard, zombieorc1_lemuel,
          serial_shops, nicolae_stop_n_shop_1, enter_bailey_3, uniq_maggie
D:10:     layout_layer_cave, minmay_overflow_temple_star_quad,
          due_lair_maze_entry_diamond, the_hattery, uniq_urug, uniq_psyche
Temple:   eino_temple_rhombus
Lair:1:   layout_chaotic_city, disabler_island, grunt_megastairs_4,
          infiniplex_staircase_pool_2, uniq_harold
Lair:2:   layout_cave_pods, dummy_spider_entry, nicolae_quartered_pool_little
Lair:3:   layout_gridlike
Lair:4:   layout_hall_layers, minmay_swamp_entry_swarm
Lair:5:   layout_layer_cave, nicolae_slime_entry_slimehenge
Lair:6:   hangedman_lair_caniforms_friends, layout_long_grid,
          serial_bayou_lagoon_b, grunt_megastairs_2

Skill      XL: |  1  2  3  4  5  6  7  8  9 10 11 12 13 14 |
---------------+-------------------------------------------+-----
Spellcasting   | 4 5 6 7 8 9 12 13 14 15 16 | 16.3
Invocations    | 2 5 7 9 11 | 11.7
Dodging        | |  2.1
Stealth        | |  1.5

Action                   |  1- 3 |  4- 6 |  7- 9 | 10-12 | 13-15 || total
-------------------------+-------+-------+-------+-------+-------++-------
Melee: Dagger            |       |       |     4 |       |       ||     4
       Flail             |       |       |     1 |    55 |    20 ||    76
 Cast: Magic Dart        |    73 |    38 |   131 |   166 |    88 ||   496
       Searing Ray       |     3 |     6 |    25 |    10 |     3 ||    47
       Sting             |     3 |     1 |     1 |     4 |     3 ||    12
       Fulminant Prism   |       |     2 |    13 |    28 |     4 ||    47
       Iskenderun's Myst |       |       |    15 |    77 |   109 ||   201
       Dazzling Flash    |       |       |     1 |       |       ||     1
       Call Canine Famil |       |       |     1 |    11 |       ||    12
       Corpse Rot        |       |       |     1 |       |       ||     1
       Summon Lightning  |       |       |       |    16 |     7 ||    23
       Lee's Rapid Decon |       |       |       |       |    22 ||    22
Invok: Draw Destruction  |       |       |     3 |     1 |     9 ||    13
       Draw Summoning    |       |       |       |     4 |       ||     4
       Deal Four         |       |       |       |       |     2 ||     2
       Draw Escape       |       |       |       |       |     1 ||     1
  Use: Scroll            |       |       |    14 |     3 |       ||    17
       Potion            |       |       |       |     6 |     2 ||     8
Armor: Robe              |       |     5 |     7 |     3 |       ||    15
       Troll leather arm |       |       |       |    61 |    29 ||    90
Dodge: Dodged            |     5 |     7 |    33 |    80 |    33 ||   158

Table legend: (Time is in decaauts)
 A = Elapsed time spent in this place.
 B = Non-inter-level travel time spent in this place.
 C = Inter-level travel time spent in this place.
 D = Time resting spent in this place.
 E = Time spent auto-exploring this place.
 F = Levels seen in this place.
 G = Mean time per level.
                   A        B        C        D        E       F      G
               +--------+--------+--------+--------+--------+-----+--------+
         Total |  17962 |  17318 |    644 |      0 |  14680 |  18 |  997.9 |
       Dungeon |  12229 |  11807 |    422 |      0 |  10075 |  10 | 1222.9 |
        Temple |    220 |    205 |     15 |      0 |    166 |   1 |  220.0 |
          Lair |   5302 |   5095 |    207 |      0 |   4357 |   6 |  883.7 |
        Bailey |    208 |    208 |      0 |      0 |     82 |   1 |  208.0 |
               +--------+--------+--------+--------+--------+-----+--------+

Top non-repeatable levels by time:
     D:5: 1811 daAuts
     D:2: 1551 daAuts
  Lair:5: 1466 daAuts
    D:10: 1399 daAuts
     D:1: 1313 daAuts
     D:3: 1278 daAuts
     D:7: 1181 daAuts
     D:4: 1178 daAuts
  Lair:1: 1040 daAuts
     D:9: 999 daAuts
  Lair:2: 927 daAuts
     D:8: 916 daAuts
  Lair:3: 841 daAuts
  Lair:4: 808 daAuts
     D:6: 597 daAuts
